 Dungeon Crawl Stone Soup version 0.26-a0-774-g1415c89e12 (webtiles) character file.

Game seed: 1397331484211851500

184 Kinoniko the Skirmisher (level 5, -1/61 HPs)
             Began as an Ogre Monk on Nov 9, 2020.
             Slain by an ogre
             ... wielding a +0 giant club
              (14 damage)
             ... on level 4 of the Dungeon.
             The game lasted 00:03:18 (3512 turns).

Kinoniko the Skirmisher (Ogre Monk)                 Turns: 3512, Time: 00:03:18

Health: -1/61      AC:  3    Str: 15    XL:     5   Next: 64%
Magic:  5/5        EV: 10    Int: 11    God:
Gold:   156        SH:  0    Dex: 12    Spells: 4/4 levels left

rFire    . . .     SeeInvis .   a - +1 hand axe
rCold    . . .     Faith    .   (no shield)
rNeg     . . .     Spirit   .   b - +0 robe
rPois    .         Reflect  .   (helmet restricted)
rElec    .         Harm     .   (no cloak)
rCorr    .         Rampage  .   (gloves unavailable)
MR       .....                  (boots unavailable)
Stlth    ++........             (no amulet)
HPRegen  0.20/turn              k - ring of flight
MPRegen  0.09/turn              (no ring)

@: very slightly contaminated, invisible (expiring)
A: large, unfitting armour, tough skin 1
a: Evoke Flight


You were on level 4 of the Dungeon.
You visited 1 branch of the dungeon, and saw 4 of its levels.

You collected 156 gold pieces.

Inventory:

Hand Weapons
 a - a +1 hand axe (weapon)
Armour
 b - a +0 robe (worn)
Jewellery
 k - a ring of flight (left hand)
Wands
 i - a wand of flame (14)
 n - a wand of random effects (24)
Scrolls
 e - 3 scrolls of remove curse
 f - a scroll of blinking
 l - a scroll of enchant weapon
Potions
 d - a potion of curing
 g - a potion of lignification {unknown}
 h - 3 potions of flight {unknown}
 j - a potion of heal wounds {unknown}
 o - a potion of attraction {unknown}


   Skills:
 * Level 6.3 Fighting
 * Level 4.8 Axes
 - Level 2.7 Dodging
 - Level 1.4 Stealth


You had 4 spell levels left.
You didn't know any spells.
Your spell library was empty.

Dungeon Overview and Level Annotations

Branches:
Dungeon (4/15)
 Temple: D:4-7

Altars:
Gozag
Nemelex Xobeh
Trog
Uskayaw
Wu Jian


Innate Abilities, Weirdness & Mutations

You are too large for most types of armour.
You have tough skin. (AC +1)


Message History

You strike the helpless ogre from behind!
You hit the ogre but do no damage.
The ogre is moderately wounded.
You slash the ogre!
The ogre is heavily wounded.
The ogre hits you with a +0 giant club!!
* * * LOW HITPOINT WARNING * * *
You hit the ogre but do no damage.
The ogre is heavily wounded.
The ogre closely misses you.
Unknown command.
You hit the ogre.
The ogre is severely wounded.
The ogre barely misses you.
You catch the helpless ogre completely off-guard!
You hit the ogre.
The ogre is severely wounded.
You flicker for a moment.
The ogre hits you with a +0 giant club!
You die...

##......## .#
........#..# .#
....###....###.#
...##...##......#
..#..###..#.....#
.# ...#..#....#
.###.#.#..#.#
..#.#.#O#.# .
.#.#.#@# # .
#.#.#.# . .#...
.#..## ...# ....#
..#.# ...#.#


You could see an ogre.

Vanquished Creatures
  Jessica (D:2)
  Natasha (thrice) (D:2)
  3 adders
  An ooze (D:1)
  A worm (D:3)
  2 dart slugs
  2 leopard geckos
  A giant cockroach (D:1)
  6 goblins
  5 hobgoblins
  4 jackals
  A ball python (D:2)
  5 bats
  2 frilled lizards
  7 kobolds
  6 rats
50 creatures vanquished.

Notes
Turn   | Place    | Note
-------+----------+-------------------------------------------
     0 | D:1      | Kinoniko the Ogre Monk began the quest for the Orb.
     0 | D:1      | Reached XP level 1. HP: 24/24 MP: 1/1
   155 | D:1      | Reached XP level 2. HP: 32/33 MP: 2/2
   838 | D:1      | Reached XP level 3. HP: 38/41 MP: 3/3
  1279 | D:2      | Reached skill level 5 in Fighting
  1467 | D:2      | Noticed Jessica
  1474 | D:2      | Killed Jessica
  1474 | D:2      | Reached XP level 4. HP: 42/50 MP: 4/4
  1520 | D:2      | You fall into a shaft and drop 1 floor!
  1719 | D:2      | Found a hide-covered altar of Uskayaw.
  1725 | D:2      | Noticed Natasha
  1747 | D:2      | Killed Natasha
  2046 | D:2      | You fall into a shaft and drop 2 floors!
  2244 | D:2      | Noticed Natasha
  2251 | D:2      | Killed Natasha
  2251 | D:2      | Reached skill level 6 in Fighting
  2251 | D:2      | Reached XP level 5. HP: 46/59 MP: 5/5
  2558 | D:3      | Found an ornate altar of the Wu Jian Council.
  2880 | D:2      | Noticed Natasha
  2888 | D:2      | Killed Natasha
  3113 | D:3      | Found an opulent altar of Gozag.
  3330 | D:3      | Found a bloodstained altar of Trog.
  3330 | D:3      | Found a sparkling altar of Nemelex Xobeh.
  3495 | D:4      | Noticed an ogre
  3512 | D:4      | Slain by an ogre

Illustrated notes

Levels and vault maps discovered:
D:1:      lightli_arrival_maybe_door_vault, layout_basic
D:2:      kennysheep_big_flooded_room, layout_basic,
          nicolae_overflow_crystal_walls, uniq_jessica, uniq_natasha
D:3:      layout_basic, grunt_gozag_breadcrumbs, lemuel_round_altar,
          gammafunk_temple_overflow_elements, item_on_display_a
D:4:      layout_loops_ring, kennysheep_little_box,
          minmay_temple_entry_steel_oval

Skill      XL: |  1  2  3  4 |
---------------+-------------+-----
Fighting       | 5 6 |  6.3
Axes           | 4 |  4.8
Dodging        | |  2.7
Stealth        | |  1.4

Action                   |  1- 3 |  4- 6 || total
-------------------------+-------+-------++-------
Melee: Hand axe          |    97 |    88 ||   185
  Use: Scroll            |     5 |     3 ||     8
       Potion            |       |     1 ||     1
 Stab: Sleeping          |     1 |     1 ||     2
       Distracted        |       |     1 ||     1
       Invisible         |       |     2 ||     2
Armor: Robe              |    36 |    22 ||    58
Dodge: Dodged            |    51 |    38 ||    89

Table legend: (Time is in decaauts)
 A = Elapsed time spent in this place.
 B = Non-inter-level travel time spent in this place.
 C = Inter-level travel time spent in this place.
 D = Time resting spent in this place.
 E = Time spent auto-exploring this place.
 F = Levels seen in this place.
 G = Mean time per level.
                   A        B        C        D        E       F      G
               +--------+--------+--------+--------+--------+-----+--------+
         Total |   3535 |   3243 |    292 |    645 |   2119 |   4 |  883.8 |
       Dungeon |   3535 |   3243 |    292 |    645 |   2119 |   4 |  883.8 |
               +--------+--------+--------+--------+--------+-----+--------+

Top non-repeatable levels by time:
     D:2: 1654 daAuts
     D:1: 977 daAuts
     D:3: 764 daAuts
     D:4: 138 daAuts
